Map: Ever Dream LE

Players

Future - Winner!

  • Race: Terran Terran
  • Spawn Location: 1:00

Namshar

  • Race: Zerg Zerg
  • League: Master
  • Spawn Location: 7:00

Event: DreamHack SC2 Masters 2020 Summer North America

VOD

Have the link to the VOD?

Description

Time

  • Played on: July 5, 2020, 3:52 p.m.
  • Length: 11:31

All games in this series

Show
View Real Time Build Order
Export as new Build Order

Future Terran - Winner!

Build Orders: Liberator Opening, Reaper Expand 

Get SALT Encoding   

  12  0:00  SCV  
  13  0:13  SCV  
  14  0:17  Supply Depot  
  14  0:25  SCV  
  15  0:38  SCV  
  15  0:39  Barracks  
  16  0:42  Refinery  
  16  0:50  SCV  
  17  1:02  SCV  
  18  1:14  SCV  
  19  1:27  Reaper, Orbital Command  
  20  1:39  Command Center  
  20  1:47  Supply Depot  
  20  1:52  SCV  
  21  1:59  Marine  
  22  2:03  Factory  
  22  2:05  SCV  
  23  2:11  Refinery  
  23  2:18  SCV  
  23  2:22  Barracks Reactor  
  24  2:30  SCV  
  25  2:42  SCV  
  26  2:49  Starport  
  26  2:52  Orbital Command  
  26  2:54  SCV  
  27  3:01  Hellion  
  27  3:02  Hellion  
  27  3:04  Marine  
  32  3:06  SCV  
  32  3:12  Supply Depot  
  33  3:18  SCV x2  
  35  3:23  Hellion  
  35  3:24  Hellion  
  39  3:29  Liberator  
  39  3:30  SCV x2  
  44  3:35  Supply Depot  
  44  3:36  Barracks Tech Lab  
  44  3:42  SCV x2  
  44  3:45  Hellion  
  44  3:48  Hellion  
  50  3:54  SCV x2  
  52  4:02  Supply Depot  
  52  4:04  Armory  
  52  4:06  SCV  
  52  4:07  SCV  
  52  4:08  Hellion  
  58  4:10  Hellion  
  58  4:14  Liberator  
  61  4:18  SCV  
  61  4:24  SCV, Marine  
  64  4:26  Supply Depot  
  64  4:27  Stimpack  
  64  4:30  SCV  
  65  4:39  Supply Depot  
  65  4:40  SCV  
  65  4:43  SCV  
  67  4:45  Factory Tech Lab  
  67  4:52  SCV  
  68  4:53  Command Center  
  68  4:55  SCV  
  68  4:59  Starport Reactor, Barracks  
  69  5:02  Marine  
  69  5:03  Barracks  
  70  5:10  SCV, Engineering Bay x2  
  67  5:16  SCV  
  67  5:17  Refinery  
  67  5:19  Refinery  
  68  5:22  SCV  
  68  5:23  Siege Tank  
  62  5:31  SCV  
  62  5:34  SCV  
  58  5:41  Terran Infantry Weapons Level 1, Terran Infantry Armor Level 1  
  58  5:42  Marine  
  56  5:45  SCV  
  56  5:46  SCV  
  58  5:52  Starport Reactor  
  58  5:55  Barracks  
  58  5:57  SCV, Barracks  
  59  5:58  SCV  
  59  5:59  Siege Tank  
  59  6:00  Marine x4  
  59  6:01  Marine  
  68  6:09  SCV, Orbital Command  
  68  6:10  SCV  
  70  6:17  Combat Shield, Marine  
  70  6:18  Marine x3  
  73  6:19  Marine  
  73  6:21  SCV  
  73  6:23  SCV  
  77  6:29  Medivac  
  77  6:30  Medivac  
  77  6:32  Orbital Command  
  81  6:34  SCV  
  81  6:35  SCV, Marine x3  
  81  6:36  Marine  
  81  6:37  Marine  
  88  6:40  Siege Tank  
  88  6:46  SCV  
  92  6:47  SCV, Supply Depot  
  92  6:49  Supply Depot  
  92  6:51  Barracks Reactor x2  
  93  6:56  Marine x4  
  93  6:58  SCV x2  
  93  6:59  SCV  
  99  7:07  Marine  
  100  7:10  SCV x2  
  100  7:12  Siege Tank  
  100  7:13  Supply Depot  
  100  7:14  Marine x4  
  109  7:17  Supply Depot  
  109  7:18  SCV  
  109  7:22  SCV  
  110  7:25  Marine  
  111  7:30  Barracks  
  111  7:31  Barracks  
  111  7:32  Marine x3  
  111  7:33  Marine  
  111  7:34  Barracks  
  111  7:36  Marine  
  111  7:37  Marine  
  115  7:38  Marine  
  115  7:40  Marine  
  115  7:43  Marine  
  118  7:44  Siege Tank  
  118  7:49  Marine  
  118  7:51  Marine x3  
  120  7:52  Medivac  
  120  7:54  Marine x2  
  123  7:59  Medivac, Marine x2  
  123  8:01  Marine  
  123  8:03  Terran Infantry Weapons Level 2  
  128  8:07  Marine  
  128  8:09  Supply Depot x2, Marine x2  
  128  8:11  Marine  
  128  8:12  Terran Infantry Armor Level 2, Marine  
  133  8:20  Supply Depot  
  133  8:21  Supply Depot  
  133  8:30  Marine x3, Siege Tank  
  135  8:39  Marine x5  
  135  8:40  Marine  
  135  8:41  Marine  
  135  8:42  Marine  
  135  8:47  Marine  
  136  8:51  Marine  
  136  8:53  Marine  
  137  9:01  Marine x2  
  137  9:02  Marine  
  121  9:03  Marine x6  
  121  9:04  Siege Tank  
  121  9:05  Marine, Liberator x2  
  121  9:09  Marine  
  139  9:10  Marine  
  140  9:18  Marine  
  140  9:19  Marine  
  140  9:20  Marine  
  140  9:21  Marine x6  
  140  9:23  Marine  
  150  9:26  Marine  
  150  9:28  Marine  
  148  9:36  Marine  
  148  9:37  Marine  
  148  9:38  Marine x2  
  140  9:39  Marine x5  
  140  9:41  Marine  
  140  9:44  Marine  
  135  9:46  Marine  
  135  9:49  Siege Tank  
  135  9:54  Marine x2  
  135  9:56  Marine, Liberator x2  
  144  10:03  Marine  
  144  10:04  Marine x3  
  144  10:05  Marine  
  144  10:07  Marine x4  
  148  10:12  Marine x2  
  148  10:13  Marine  
  150  10:21  Marine  
  150  10:25  Marine  
  146  10:30  Marine  
  146  10:37  Siege Tank  
  149  10:46  Marine x6  
  149  10:47  Marine  
  149  10:48  Marine  
  132  10:56  Marine x4  
  122  11:04  Marine x3  
  122  11:05  Marine  
  122  11:06  Marine x3  
Show
View Real Time Build Order
Export as new Build Order

Namshar Zerg 

Build Orders: Hatch First 

Get SALT Encoding   

  12  0:00  Drone  
  13  0:12  Overlord  
  13  0:17  Drone  
  14  0:30  Drone x2  
  16  0:47  Hatchery  
  15  0:51  Drone  
  15  0:54  Drone  
  17  0:58  Drone  
  18  1:08  Extractor  
  17  1:13  Spawning Pool  
  17  1:16  Drone  
  17  1:20  Drone  
  18  1:27  Drone  
  19  1:38  Drone  
  20  1:49  Drone  
  21  1:59  Queen x2  
  21  2:00  Zergling x4  
  27  2:14  Hatchery  
  26  2:20  Overlord  
  26  2:23  Drone  
  26  2:25  Drone  
  28  2:35  Drone, Metabolic Boost  
  28  2:39  Drone x2  
  30  2:46  Overlord, Drone  
  31  2:53  Queen  
  31  2:57  Drone  
  34  2:59  Drone  
  34  3:03  Drone  
  36  3:05  Drone  
  36  3:11  Drone x3  
  40  3:16  Queen  
  42  3:25  Overlord  
  43  3:27  Drone x3  
  45  3:34  Queen  
  45  3:36  Zergling x2  
  49  3:41  Zergling x2  
  49  3:43  Drone x3  
  49  3:46  Queen  
  54  3:53  Drone x4  
  58  4:01  Overlord x2  
  58  4:07  Baneling Nest  
  57  4:13  Drone  
  58  4:20  Drone x7  
  65  4:24  Spore Crawler  
  65  4:27  Spore Crawler  
  65  4:30  Spine Crawler, Queen  
  64  4:33  Zergling x4  
  64  4:35  Overlord  
  66  4:40  Spore Crawler  
  66  4:45  Drone  
  66  4:46  Overlord x2  
  66  4:54  Baneling x3  
  66  4:55  Baneling x2  
  66  5:00  Baneling x2  
  66  5:02  Zergling x14  
  70  5:11  Drone x7  
  76  5:15  Drone x2  
  78  5:28  Drone x6  
  75  5:35  Drone  
  75  5:41  Lair  
  75  5:44  Extractor  
  75  5:45  Extractor  
  73  5:50  Drone x6  
  73  5:54  Drone  
  73  5:56  Hatchery  
  79  5:57  Overlord  
  79  5:58  Drone x5  
  84  6:06  Drone, Extractor  
  84  6:07  Drone, Extractor  
  83  6:15  Evolution Chamber  
  83  6:17  Zergling x6  
  83  6:18  Zergling x4, Evolution Chamber  
  86  6:34  Drone x2  
  86  6:35  Drone  
  86  6:36  Drone x2  
  86  6:37  Zergling x10  
  86  6:39  Centrifical Hooks  
  96  6:42  Hydralisk Den  
  96  6:44  Zerg Melee Weapons Level 1  
  95  6:52  Zergling x6  
  97  6:55  Overlord x3  
  97  6:56  Overlord  
  97  6:58  Zerg Ground Armor Level 1  
  97  7:00  Baneling x4  
  97  7:05  Overlord  
  97  7:07  Baneling x2  
  97  7:08  Queen  
  97  7:09  Zergling x10  
  97  7:12  Baneling  
  97  7:13  Zergling x2  
  97  7:14  Zergling x10  
  110  7:23  Zergling x2  
  110  7:24  Zergling x6  
  110  7:28  Baneling x3  
  110  7:29  Baneling  
  115  7:30  Zergling x18  
  115  7:35  Baneling x4  
  115  7:37  Zergling x6  
  126  7:40  Zergling x10  
  120  7:53  Zergling x10  
  113  7:59  Zergling x4  
  113  8:04  Muscular Augments  
  114  8:07  Baneling x6  
  114  8:08  Zergling x28  
  114  8:10  Queen  
  130  8:13  Drone  
  130  8:17  Overlord x2  
  130  8:18  Drone  
  132  8:21  Baneling  
  132  8:23  Drone  
  132  8:26  Drone  
  134  8:29  Hatchery  
  118  8:35  Zergling x12  
  118  8:38  Zergling x10  
  118  8:40  Baneling  
  118  8:41  Baneling x3  
  112  8:42  Zergling x8  
  112  8:46  Zergling x2  
  112  8:47  Baneling  
  112  8:48  Baneling x2  
  117  8:49  Zergling x8  
  117  8:52  Zergling x2  
  117  8:53  Zergling x2  
  123  8:58  Zergling x2  
  123  9:02  Zergling x6  
  118  9:04  Zergling x6  
  118  9:05  Baneling  
  118  9:06  Baneling x9  
  121  9:11  Zergling x4  
  121  9:15  Grooved Spines  
  121  9:16  Zergling x4  
  125  9:21  Baneling x5  
  125  9:22  Baneling x2  
  125  9:30  Zergling x2  
  125  9:31  Zergling x10  
  124  9:36  Baneling x7  
  124  9:37  Zergling x12  
  120  9:42  Zergling x4  
  115  9:47  Zergling x10  
  115  9:48  Zergling x8  
  123  9:56  Zergling x4  
  123  9:57  Baneling x2  
  122  10:04  Zergling x8  
  112  10:08  Zergling x6  
  112  10:09  Queen  
  112  10:12  Queen, Baneling x10  
  109  10:28  Zergling x16, Baneling  
  110  10:29  Baneling  
  110  10:33  Baneling x4  
  108  10:38  Hydralisk x3  
  108  10:40  Baneling x5  
  108  10:41  Hydralisk x2  
  118  10:44  Zergling x2  
  118  10:46  Hatchery  
  118  10:49  Queen x2  
  103  10:53  Zergling x10  
  100  11:04  Hydralisk x6  
  112  11:13  Zergling x4  
  112  11:15  Baneling x6  
Tags
 
Add a new tag
Caveats
  • Supply blocks, unpowered buildings, or Contaminate may cause inaccurate times.
  • Supply counts are checked every 10 seconds.